 Dungeon Crawl Stone Soup version 0.19.5 (webtiles) character file.

615 sankara the Covered (level 7, -2/61 HPs)
             Began as a Minotaur Fighter on Mar 12, 2017.
             Slain by an orc wizard
             ... wielding a +0 dagger
              (4 damage)
             ... on level 5 of the Dungeon.
             The game lasted 00:08:18 (3831 turns).

sankara the Covered (Minotaur Fighter)              Turns: 3831, Time: 00:08:19

Health: -2/61      AC: 19    Str: 18 (21) XL:     7   Next: 21%
Magic:  6/6        EV: 10    Int:  4 (5)  God:
Gold:   160        SH: 10    Dex: 13 (16) Spells: 0 memorised, 6 levels left

rFire  + . .     SeeInvis .     m - +1 falchion (protect)
rCold  + . .     Gourm    .     b - +0 plate armour
rNeg   . . .     Faith    .     c - +0 shield
rPois  +         Spirit   .     (helmet restricted)
rElec  +         Reflect  .     (no cloak)
rCorr  +         Harm     .     (no gloves)
MR     .....                    (no boots)
Stlth  ..........               (no amulet)
                                (no ring)
                                (no ring)

@: agile, resistant, protection aura
A: retaliatory headbutt, horns 2
a: no special abilities


You were on level 5 of the Dungeon.
You were hungry.

You visited 1 branch of the dungeon, and saw 5 of its levels.

You collected 160 gold pieces.

Inventory:

Hand Weapons
 a - a +0 long sword
 m - a +1 falchion of protection (weapon)
Armour
 b - a +0 plate armour (worn)
 c - a +0 shield (worn)
Wands
 w - a wand of polymorph (10/24)
 z - a wand of flame (14/48)
Scrolls
 j - 2 scrolls of magic mapping {unknown}
 k - 6 scrolls of identify
 l - a scroll of enchant weapon {unknown}
 n - 2 scrolls of fear {unknown}
 o - a scroll of noise {unknown}
 p - a scroll of blinking {unknown}
 u - a scroll of teleportation {unknown}
 x - a scroll of random uselessness {unknown}
 y - a scroll of remove curse
 A - a scroll of amnesia {unknown}
Potions
 d - 3 potions of might
 e - a potion of invisibility
 r - a potion of degeneration
Comestibles
 f - 5 bread rations
 g - a slice of pizza
 v - a chunk of flesh


   Skills:
 + Level 5.4 Fighting
 + Level 4.4 Long Blades
 + Level 5.5 Armour
 + Level 3.7 Dodging
 + Level 5.5 Shields


You had 6 spell levels left.
You didn't know any spells.

Dungeon Overview and Level Annotations

Branches:
Dungeon (5/15)
 Temple: D:4-7

Altars:
Fedhas
Vehumet


Innate Abilities, Weirdness & Mutations

You reflexively headbutt those who attack you in melee.
You have a pair of horns on your head.


Message History

You closely miss the orc priest.
The orc priest is almost dead.
The orc priest hits you but does no damage.
You hear some strange, mumbled words.
Something tries to affect you, but you resist.
Your shield and plate armour prevent you from hitting the orc priest.
The orc priest is almost dead.
The orc priest calls down the wrath of Beogh upon you.
Beogh smites you!
* * * LOW HITPOINT WARNING * * *
Something hits you but does no damage.
You hit the orc priest.
Your weapon exudes an aura of protection.
You kill the orc priest!
Something hits you but does no damage.
Okay, then.
It was a potion of agility.
You feel agile all of a sudden. Something hits you.
You die...

#.# ..# #.# ... ##
# ..# .. ..# .
#.#.. #.# #.
###.#. #.# ####.
.... #.# #....
#)#######.# #....
#@{.......####....
######.#.#........
#....####....
##.#.# #.... #.#.#
#.... ..#.#######.
##......<....
#..######### #..#


There were no monsters in sight!

Vanquished Creatures
  3 ogres (D:4)
  A scorpion (D:5)
  A howler monkey (D:4)
  An orc priest (D:5)
  A bullfrog skeleton (D:5)
  Terence (D:2)
  A worker ant (D:4)
  Robin (D:4)
  2 adders (D:4)
  A gnoll (D:1)
  2 adder skeletons (D:4)
  5 worms
  A dart slug (D:2)
  3 leopard geckos
  7 orcs
  3 ball pythons
  4 giant cockroaches
  23 goblins
  8 hobgoblins
  9 jackals
  5 kobolds
  A quokka (D:4)
  9 bats
  9 frilled lizards
  9 rats
111 creatures vanquished.

Notes
Turn   | Place    | Note
-------+----------+-------------------------------------------
     0 | D:1      | sankara the Minotaur Fighter began the quest for the Orb.
     0 | D:1      | Reached XP level 1. HP: 19/19 MP: 0/0
   290 | D:1      | Reached XP level 2. HP: 2/27 MP: 1/1
   956 | D:1      | You fall through a shaft!
   977 | D:2      | Reached skill level 1 in Dodging
  1004 | D:2      | Reached XP level 3. HP: 30/33 MP: 2/2
  1491 | D:2      | Noticed Terence
  1500 | D:2      | Killed Terence
  1500 | D:2      | Reached XP level 4. HP: 40/40 MP: 3/3
  2293 | D:3      | Found a blossoming altar of Fedhas.
  2621 | D:4      | Noticed an ogre
  2630 | D:4      | Killed an ogre
  2630 | D:4      | Reached XP level 5. HP: 8/47 MP: 4/4
  2980 | D:4      | Found a radiant altar of Vehumet.
  3181 | D:4      | Reached XP level 6. HP: 39/55 MP: 5/5
  3308 | D:4      | Reached skill level 5 in Shields
  3314 | D:4      | Reached skill level 5 in Fighting
  3314 | D:4      | Reached skill level 5 in Armour
  3489 | D:4      | Noticed Robin
  3496 | D:4      | Killed Robin
  3754 | D:5      | Entered Level 5 of the Dungeon
  3772 | D:5      | Reached XP level 7. HP: 59/61 MP: 6/6
  3829 | D:5      | HP: 1/61 [orc priest/divine providence (15)]
  3831 | D:5      | Slain by an orc wizard

Skill      XL: |  1  2  3  4  5  6 |
---------------+-------------------+-----
Shields        | 4 5 |  5.5
Dodging        | 1 2 3 |  3.7
Long Blades    | 3 4 |  4.4
Fighting       | 4 5 |  5.4
Armour         | 4 5 |  5.5

Action                   |  1- 3 |  4- 6 |  7- 9 || total
-------------------------+-------+-------+-------++-------
Melee: Long sword        |    82 |     1 |       ||    83
       Headbutt          |    17 |    29 |     9 ||    55
       Falchion          |       |   184 |    39 ||   223
  Use: Scroll            |     2 |     1 |       ||     3
       Potion            |       |       |     6 ||     6
  Eat: Chunk             |     2 |     7 |       ||     9
Armor: Scale mail        |     8 |       |       ||     8
       Chain mail        |    18 |       |       ||    18
       Plate armour      |    28 |   131 |    45 ||   204
Dodge: Dodged            |    23 |    47 |     5 ||    75
Block: Shield            |    51 |   126 |    19 ||   196
       Rpst.: Long sword |     3 |       |       ||     3
       Falchion          |       |    13 |       ||    13
